[Event "ONJK-B 2019"]
[Site "Borne"]
[Date "2019.08.09"]
[Round "8.11"]
[White "Pol, Florian"]
[Black "Li-Behn, Tobias"]
[Result "0-1"]
[ECO "A36"]
[WhiteElo "1334"]
[BlackElo "1237"]
[Annotator "NA"]
[PlyCount "112"]
[EventDate "2019.08.05"]
[EventType "swiss"]
[EventCountry "NED"]
[SourceTitle "playchess.com"]
[Source "ChessBase"]
[SourceQuality "1"]
[TimeControl "5400+30"]

1. c4 c5 2. Nc3 Nc6 3. g3 Nf6 4. Bg2 e6 5. d3 Be7 6. e4 O-O 7. Nge2 d6 8. O-O a6 9. a4 Nd7 10. b3 Bf6 11. Bd2 Nb4 12. Rb1 Ne5 13. Be1 Nexd3 14. f4 Nxe1 15. Qxe1 Qc7 16. Qd2 Rd8 17. Rfd1 g6 18. h3 Nc6 19. Kh2 Nd4 20. Nxd4 cxd4 21. Ne2 e5 22. Rf1 Bg7 23. Nc1 Bd7 24. Nd3 a5 25. Qf2 f5 26. exf5 Bxf5 27. Bd5+ Kh8 28. Rbd1 Rab8 29. Qf3 Re8 30. Rfe1 Be6 31. fxe5 dxe5 32. Be4 Rf8 33. Qg2 b6 34. Rf1 Qe7 35. Rfe1 Qd6 36. Rb1 Bd7 37. Bd5 Bf5 38. Be4 Rbc8 39. Rb2 Rf7 40. Bd5 Re7 41. Be4 Rce8 42. g4 Bxe4 43. Qxe4 Bh6 44. Rf1 Bf4+ 45. Kg2 g5 46. Kh1 Re6 47. Kg2 Qc6 48. Qxc6 Rxc6 49. Re2 Rce6 50. Re4 Kg7 51. Kh1 h5 52. Kg2 Kg6 53. Kf3 hxg4+ 54. Kxg4 Kf6 55. Rh1 Rh8 56. Nxf4 Rh4+ 0-1

[Event "ONJK-B 2019"]
[Site "Borne"]
[Date "2019.08.09"]
[Round "8.12"]
[White "Schoonhoven, Mark"]
[Black "Van Weerden, Jur"]
[Result "1-0"]
[ECO "B06"]
[WhiteElo "1275"]
[BlackElo "1676"]
[Annotator "NA"]
[PlyCount "91"]
[EventDate "2019.08.05"]
[EventType "swiss"]
[EventCountry "NED"]
[SourceTitle "playchess.com"]
[Source "ChessBase"]
[SourceQuality "1"]
[TimeControl "5400+30"]

1. e4 e6 2. d4 g6 3. Nf3 Bg7 4. c3 Ne7 5. Bc4 O-O 6. Be3 Nbc6 7. Na3 d5 8. exd5 Nxd5 9. Bg5 Qd7 10. Qd2 Nf6 11. O-O-O Ne4 12. Qe3 Nxg5 13. Nxg5 a6 14. h4 b5 15. Bb3 b4 16. h5 Bh6 17. hxg6 Bxg5 18. gxh7+ Kh8 19. Qxg5 f6 20. Qh6 Bb7 21. d5 bxa3 22. dxe6 axb2+ 23. Kxb2 Qg7 24. Qxg7+ Kxg7 25. Rd7+ Kh8 26. Rxc7 Rab8 27. Re1 Ne5 28. e7 Rfe8 29. Kc2 Bc6 30. f4 Ng6 31. Rxc6 Rxe7 32. Rxe7 Nxe7 33. Rxf6 Rxb3 34. axb3 Nd5 35. Rxa6 Ne3+ 36. Kb2 Nxg2 37. f5 Nf4 38. f6 Nd3+ 39. Ka3 Nc5 40. f7 Nd7 41. Ra8+ Nf8 42. Rxf8+ Kxh7 43. Rg8 Kh6 44. f8=Q+ Kh5 45. Rg7 Kh6 46. Qh8# 1-0

[Event "ONJK-B 2019"]
[Site "Borne"]
[Date "2019.08.09"]
[Round "8.13"]
[White "Warnaar, Mark"]
[Black "Hooijmans, Max"]
[Result "1-0"]
[ECO "C44"]
[WhiteElo "1175"]
[BlackElo "1559"]
[Annotator "NA"]
[PlyCount "83"]
[EventDate "2019.08.05"]
[EventType "swiss"]
[EventCountry "NED"]
[SourceTitle "playchess.com"]
[Source "ChessBase"]
[SourceQuality "1"]
[TimeControl "5400+30"]

1. e4 e5 2. Nf3 Nc6 3. c3 Nf6 4. d4 exd4 5. e5 Nd5 6. cxd4 Bb4+ 7. Nbd2 O-O 8. a3 Ba5 9. b4 Bb6 10. Bc4 Nf4 11. O-O Nxd4 12. Nxd4 Bxd4 13. Nf3 Bxa1 14. Bxf4 d5 15. Bd3 Bb2 16. Qb3 Bxa3 17. Qxa3 h6 18. Bc2 h5 19. Qd3 g6 20. Bg5 Qe8 21. Bf6 Bg4 22. Qe3 Kh7 23. Qg5 Rh8 24. h3 Bxf3 25. gxf3 Kg8 26. Bxh8 Kxh8 27. Qf6+ Kg8 28. Kh1 Kh7 29. Rg1 a5 30. bxa5 Rxa5 31. f4 Ra2 32. Bb3 Rxf2 33. Bxd5 Kh6 34. Rg2 Rxg2 35. Kxg2 b5 36. h4 Qc8 37. Qg5+ Kg7 38. Kh2 Qa6 39. Qe7 b4 40. Qxf7+ Kh6 41. Qf8+ Kh7 42. Qg8+ 1-0

[Event "ONJK-B 2019"]
[Site "Borne"]
[Date "2019.08.09"]
[Round "8.14"]
[White "Michielsen, Lies"]
[Black "Visser, Barto"]
[Result "0-1"]
[ECO "B34"]
[WhiteElo "1489"]
[BlackElo "1342"]
[Annotator "NA"]
[PlyCount "46"]
[EventDate "2019.08.05"]
[EventType "swiss"]
[EventCountry "NED"]
[SourceTitle "playchess.com"]
[Source "ChessBase"]
[SourceQuality "1"]
[TimeControl "5400+30"]

1. e4 c5 2. Nf3 Nc6 3. d4 cxd4 4. Nxd4 g6 5. Nc3 Bg7 6. Be3 Nf6 7. Be2 O-O 8. O-O d5 9. Nxc6 bxc6 10. exd5 cxd5 11. Qd2 Re8 12. Rad1 Bb7 13. Bb5 Rf8 14. Rfe1 e5 15. Bc5 d4 16. Bxf8 Kxf8 17. Ne2 Kg8 18. f4 Qd5 19. Nc1 Qxb5 20. fxe5 Ne4 21. Qxd4 Bxe5 22. Qd7 Qc5+ 23. Kf1 Qf2# 0-1

[Event "ONJK-B 2019"]
[Site "Borne"]
[Date "2019.08.09"]
[Round "8.15"]
[White "Van Borren, Matthijs"]
[Black "Winter, Ynse"]
[Result "1/2-1/2"]
[ECO "C01"]
[WhiteElo "1339"]
[BlackElo "1021"]
[Annotator "NA"]
[PlyCount "54"]
[EventDate "2019.08.05"]
[EventType "swiss"]
[EventCountry "NED"]
[SourceTitle "playchess.com"]
[Source "ChessBase"]
[SourceQuality "1"]
[TimeControl "5400+30"]

1. e4 e6 2. Nf3 d5 3. exd5 exd5 4. d4 Bg4 5. Be2 Nf6 6. O-O Be7 7. Nbd2 O-O 8. Ne5 Bxe2 9. Qxe2 Nbd7 10. Ndf3 Ne4 11. Re1 Re8 12. Nxd7 Qxd7 13. Ne5 Qf5 14. f3 Nd6 15. Qd3 Qxd3 16. Nxd3 Bf6 17. c3 Rxe1+ 18. Nxe1 Re8 19. Bf4 Be7 20. Nd3 g5 21. Be5 f6 22. Bg3 h5 23. Re1 Kf7 24. h3 Bf8 25. Rxe8 Nxe8 26. Kf2 Bd6 27. f4 Kg6 1/2-1/2

[Event "ONJK-B 2019"]
[Site "Borne"]
[Date "2019.08.09"]
[Round "8.16"]
[White "Van Dam, Kars"]
[Black "Eijkelkamp, Hugo"]
[Result "1-0"]
[ECO "C50"]
[WhiteElo "1024"]
[BlackElo "825"]
[Annotator "NA"]
[PlyCount "117"]
[EventDate "2019.08.05"]
[EventType "swiss"]
[EventCountry "NED"]
[SourceTitle "playchess.com"]
[Source "ChessBase"]
[SourceQuality "1"]
[TimeControl "5400+30"]

1. e4 e5 2. Bc4 Nf6 3. d3 h6 4. Nf3 Nc6 5. a3 Bc5 6. h3 d6 7. Nc3 Nd4 8. Be3 Nxf3+ 9. Qxf3 Bxe3 10. Qxe3 Qe7 11. Qg3 O-O 12. Qh4 Be6 13. Bxe6 Qxe6 14. O-O d5 15. exd5 Nxd5 16. Nxd5 Qxd5 17. Rfe1 f6 18. Qb4 a5 19. Qc3 Kh8 20. a4 Rfc8 21. b3 Ra6 22. Qd2 c6 23. Kh1 b5 24. axb5 cxb5 25. Rec1 e4 26. d4 a4 27. b4 Rac6 28. c3 Kg8 29. Ra3 Kf7 30. Kh2 g5 31. g3 Qd6 32. Qe2 f5 33. Qxb5 f4 34. Qf5+ Kg7 35. Qxe4 fxg3+ 36. fxg3 Ra6 37. Qe5+ Qxe5 38. dxe5 Kg6 39. g4 Kf7 40. Rf1+ Ke7 41. Kg3 Re6 42. Re1 Rec6 43. Re3 Ke6 44. h4 Rc4 45. hxg5 hxg5 46. Kf3 Rf4+ 47. Kg3 Rfc4 48. Kf2 Rxg4 49. Rxa4 Rf4+ 50. Kg3 Rcc4 51. Ra6+ Kd5 52. e6 Rfe4 53. Rd3+ Ke5 54. e7 Kf5 55. Rf3+ Rf4 56. e8=Q Rxf3+ 57. Kxf3 Rxc3+ 58. Kf2 Rc2+ 59. Qe2 1-0

[Event "ONJK-B 2019"]
[Site "Borne"]
[Date "2019.08.10"]
[Round "9.1"]
[White "Maters, Arthur"]
[Black "Mainka, Alwin"]
[Result "1-0"]
[ECO "B72"]
[WhiteElo "2042"]
[BlackElo "1989"]
[Annotator "NA"]
[PlyCount "67"]
[EventDate "2019.08.05"]
[EventType "swiss"]
[EventCountry "NED"]
[SourceTitle "playchess.com"]
[Source "ChessBase"]
[SourceQuality "1"]
[TimeControl "5400+30"]

1. e4 c5 2. Nf3 Nc6 3. d4 cxd4 4. Nxd4 Nf6 5. Nc3 g6 6. Be3 Bg7 7. Bc4 O-O 8. Bb3 d6 9. h3 Bd7 10. O-O Rc8 11. Re1 a6 12. Nxc6 Bxc6 13. Bd4 e5 14. Be3 Nxe4 15. Nd5 Nc5 16. Qd2 Nxb3 17. cxb3 Bxd5 18. Qxd5 Rc6 19. Rac1 Qc7 20. Red1 Rd8 21. b4 Bf8 22. a4 Rc8 23. b5 axb5 24. axb5 Rxc1 25. Rxc1 Qd7 26. Ra1 Rc7 27. Bb6 Rc2 28. Ra7 Rxb2 29. Rxb7 Rxb5 30. Qf3 Rb1+ 31. Kh2 Qe6 32. Rb8 d5 33. Qe3 d4 34. Qa3 1-0

[Event "ONJK-B 2019"]
[Site "Borne"]
[Date "2019.08.10"]
[Round "9.2"]
[White "Arnold, Kiri"]
[Black "Albertus, Bram"]
[Result "1/2-1/2"]
[ECO "B47"]
[WhiteElo "1590"]
[BlackElo "1841"]
[Annotator "NA"]
[PlyCount "46"]
[EventDate "2019.08.05"]
[EventType "swiss"]
[EventCountry "NED"]
[SourceTitle "playchess.com"]
[Source "ChessBase"]
[SourceQuality "1"]
[TimeControl "5400+30"]

1. e4 c5 2. Nf3 e6 3. d4 cxd4 4. Nxd4 Nc6 5. Nc3 Qc7 6. g3 a6 7. Bg2 Nf6 8. O-O Be7 9. a4 O-O 10. Be3 Ne5 11. f4 Nc4 12. Bc1 d6 13. b3 Na5 14. Bb2 Rd8 15. Kh1 Rb8 16. Qe2 e5 17. Nf5 Bxf5 18. exf5 Nc6 19. Ne4 Nxe4 20. Qxe4 d5 21. Bxe5 Qd7 22. Qf3 Rbc8 23. Rad1 Qxf5 1/2-1/2

[Event "ONJK-B 2019"]
[Site "Borne"]
[Date "2019.08.10"]
[Round "9.3"]
[White "Ekker, Laurens"]
[Black "Baselmans, Daan"]
[Result "1/2-1/2"]
[ECO "C01"]
[WhiteElo "1614"]
[BlackElo "1720"]
[Annotator "NA"]
[PlyCount "36"]
[EventDate "2019.08.05"]
[EventType "swiss"]
[EventCountry "NED"]
[SourceTitle "playchess.com"]
[Source "ChessBase"]
[SourceQuality "1"]
[TimeControl "5400+30"]

1. e4 e6 2. d4 d5 3. exd5 exd5 4. c4 Nf6 5. Nc3 Be7 6. Nf3 O-O 7. Be2 dxc4 8. Bxc4 Nbd7 9. O-O Nb6 10. Bb3 c6 11. Re1 Nbd5 12. Nxd5 Nxd5 13. Bxd5 cxd5 14. Qb3 b6 15. Bf4 Bb7 16. Rac1 Bd6 17. Bxd6 Qxd6 18. Qe3 Rac8 1/2-1/2

[Event "ONJK-B 2019"]
[Site "Borne"]
[Date "2019.08.10"]
[Round "9.4"]
[White "Rogge, Parcival"]
[Black "Molanus, Lennart"]
[Result "1/2-1/2"]
[ECO "B50"]
[WhiteElo "1743"]
[BlackElo "1619"]
[Annotator "NA"]
[PlyCount "24"]
[EventDate "2019.08.05"]
[EventType "swiss"]
[EventCountry "NED"]
[SourceTitle "playchess.com"]
[Source "ChessBase"]
[SourceQuality "1"]
[TimeControl "5400+30"]

1. e4 c5 2. Nf3 d6 3. c3 e5 4. Bc4 Be7 5. h3 Nf6 6. d3 Bd7 7. Qb3 O-O 8. Qxb7 Nc6 9. Qa6 Na5 10. Na3 Bc8 11. Qb5 Bd7 12. Qa6 Bc8 1/2-1/2

[Event "ONJK-B 2019"]
[Site "Borne"]
[Date "2019.08.10"]
[Round "9.5"]
[White "Klaren, Oscar"]
[Black "De Putter, Nina"]
[Result "1-0"]
[ECO "B01"]
[WhiteElo "1761"]
[BlackElo "1631"]
[Annotator "NA"]
[PlyCount "87"]
[EventDate "2019.08.05"]
[EventType "swiss"]
[EventCountry "NED"]
[SourceTitle "playchess.com"]
[Source "ChessBase"]
[SourceQuality "1"]
[TimeControl "5400+30"]

1. e4 d5 2. exd5 Nf6 3. d4 Nxd5 4. Nf3 g6 5. c4 Nb6 6. Nc3 Bg7 7. Be3 O-O 8. Be2 Nc6 9. h3 e5 10. d5 Ne7 11. O-O Nf5 12. Rc1 Re8 13. Qd2 Bd7 14. Rfd1 Nxe3 15. Qxe3 f5 16. c5 f4 17. Qd2 Na4 18. Nxa4 Bxa4 19. b3 Bd7 20. Bc4 Kh8 21. Ne1 Qg5 22. Nf3 Qh5 23. Ne1 Bh6 24. f3 Qg5 25. Kh1 Qg3 26. Bd3 Rad8 27. Be4 Bc8 28. Rc2 Bf8 29. Qc3 Qg5 30. b4 a6 31. Rcd2 Qf6 32. Nc2 h5 33. Qd3 Kg7 34. Qf1 g5 35. Na3 g4 36. Nc4 Qh4 37. Qg1 Kh8 38. d6 cxd6 39. Nxd6 Bxd6 40. Rxd6 Rxd6 41. Rxd6 gxh3 42. Rh6+ Kg7 43. gxh3+ Qg3 44. Rg6+ 1-0

[Event "ONJK-B 2019"]
[Site "Borne"]
[Date "2019.08.10"]
[Round "9.6"]
[White "Olree, Alex"]
[Black "Van Hille, Clara"]
[Result "1/2-1/2"]
[ECO "E06"]
[WhiteElo "1411"]
[BlackElo "1391"]
[Annotator "NA"]
[PlyCount "43"]
[EventDate "2019.08.05"]
[EventType "swiss"]
[EventCountry "NED"]
[SourceTitle "playchess.com"]
[Source "ChessBase"]
[SourceQuality "1"]
[TimeControl "5400+30"]

1. d4 d5 2. c4 e6 3. Nf3 Nf6 4. g3 Be7 5. Bg2 O-O 6. O-O b6 7. cxd5 exd5 8. Ne5 Be6 9. Qc2 Nfd7 10. Nc6 Nxc6 11. Qxc6 Nf6 12. Bf4 Rc8 13. Nd2 Qd7 14. Rac1 Bd6 15. Bxd6 cxd6 16. Qxd7 Bxd7 17. e4 dxe4 18. Nxe4 Nxe4 19. Bxe4 Rfe8 20. Bd3 Be6 21. b3 Bd5 22. Rfd1 1/2-1/2

[Event "ONJK-B 2019"]
[Site "Borne"]
[Date "2019.08.10"]
[Round "9.7"]
[White "Nopper, Louis"]
[Black "Borgelioen, Elise"]
[Result "1-0"]
[ECO "A28"]
[WhiteElo "1579"]
[BlackElo "1342"]
[Annotator "NA"]
[PlyCount "61"]
[EventDate "2019.08.05"]
[EventType "swiss"]
[EventCountry "NED"]
[SourceTitle "playchess.com"]
[Source "ChessBase"]
[SourceQuality "1"]
[TimeControl "5400+30"]

1. c4 e5 2. Nc3 Nc6 3. e3 Nf6 4. Nf3 Bb4 5. Qc2 Bxc3 6. bxc3 O-O 7. d4 d6 8. Bd2 Bg4 9. Be2 e4 10. Ng1 Bf5 11. h4 Ne7 12. Nh3 Ng6 13. h5 Ne7 14. Nf4 c6 15. Rg1 h6 16. g4 Bh7 17. Bf1 d5 18. c5 Nc8 19. Qa4 Qd7 20. Bh3 Qc7 21. g5 hxg5 22. Rxg5 b6 23. O-O-O bxc5 24. Rdg1 g6 25. hxg6 fxg6 26. Nxg6 Bxg6 27. Rxg6+ Kh8 28. Rh6+ Nh7 29. Be6 Ne7 30. Rgh1 Qd8 31. Rxh7# 1-0

[Event "ONJK-B 2019"]
[Site "Borne"]
[Date "2019.08.10"]
[Round "9.8"]
[White "Li-Behn, Tobias"]
[Black "Neirynck, Arthur"]
[Result "1/2-1/2"]
[ECO "A58"]
[WhiteElo "1264"]
[BlackElo "1514"]
[Annotator "NA"]
[PlyCount "69"]
[EventDate "2019.08.05"]
[EventType "swiss"]
[EventCountry "NED"]
[SourceTitle "playchess.com"]
[Source "ChessBase"]
[SourceQuality "1"]
[TimeControl "5400+30"]

1. d4 Nf6 2. c4 c5 3. d5 b5 4. cxb5 a6 5. Nc3 axb5 6. Nxb5 Ba6 7. Nc3 g6 8. g3 Bg7 9. Bg2 d6 10. e4 O-O 11. Nge2 Nbd7 12. O-O Qb6 13. f4 Ra7 14. h3 Rb8 15. Rb1 Ne8 16. Rf3 Bc4 17. b3 Ba6 18. Qc2 Nc7 19. Na4 Qb7 20. Nec3 Nb6 21. Bb2 Bb5 22. Nxb5 Nxb5 23. Bxg7 Kxg7 24. Nxb6 Qxb6 25. Kh2 Nd4 26. Qb2 Kg8 27. Rf2 Qb4 28. Qd2 Ra3 29. Qxb4 Rxb4 30. e5 f6 31. exf6 exf6 32. Re1 Kf7 33. h4 f5 34. Kh3 h5 35. Kh2 1/2-1/2

[Event "ONJK-B 2019"]
[Site "Borne"]
[Date "2019.08.10"]
[Round "9.9"]
[White "Hubers, Daan"]
[Black "Tiggelman, Laura"]
[Result "1/2-1/2"]
[ECO "E61"]
[WhiteElo "1512"]
[BlackElo "1436"]
[Annotator "NA"]
[PlyCount "80"]
[EventDate "2019.08.05"]
[EventType "swiss"]
[EventCountry "NED"]
[SourceTitle "playchess.com"]
[Source "ChessBase"]
[SourceQuality "1"]
[TimeControl "5400+30"]

1. d4 Nf6 2. Bf4 g6 3. e3 Bg7 4. c4 d6 5. Nc3 O-O 6. Bd3 Nbd7 7. Nf3 Re8 8. O-O e5 9. dxe5 dxe5 10. Bg5 a5 11. Bc2 h6 12. Bxf6 Bxf6 13. Ba4 c6 14. Ne4 Bg7 15. Rc1 Nb6 16. Qxd8 Rxd8 17. Bb3 a4 18. Bd1 Bf5 19. Nc5 Ra7 20. e4 Bg4 21. h3 Bxf3 22. Bxf3 Bf8 23. b4 axb3 24. Nxb3 Rxa2 25. c5 Nd7 26. Rfd1 Raa8 27. Rd2 Nf6 28. Rxd8 Rxd8 29. Rc4 Nd7 30. Bg4 h5 31. Bxd7 Rxd7 32. Kf1 Kg7 33. Ke2 Kf6 34. Ra4 Be7 35. Ra7 Ke6 36. f3 h4 37. Ra8 Rd8 38. Ra7 Rd7 39. Ra8 Rd8 40. Ra7 Rd7 1/2-1/2

[Event "ONJK-B 2019"]
[Site "Borne"]
[Date "2019.08.10"]
[Round "9.10"]
[White "Heskes, Johan"]
[Black "Warnaar, Mark"]
[Result "1-0"]
[ECO "D06"]
[WhiteElo "1535"]
[BlackElo "1175"]
[Annotator "NA"]
[PlyCount "43"]
[EventDate "2019.08.05"]
[EventType "swiss"]
[EventCountry "NED"]
[SourceTitle "playchess.com"]
[Source "ChessBase"]
[SourceQuality "1"]
[TimeControl "5400+30"]

1. d4 d5 2. c4 Nf6 3. cxd5 Nxd5 4. e4 Nf6 5. Nc3 e6 6. Nf3 Bb4 7. e5 Nd5 8. Bd2 Nc6 9. Bb5 Bd7 10. O-O a6 11. Bxc6 Bxc6 12. Nxd5 Bxd2 13. Nxc7+ Qxc7 14. Nxd2 Bd5 15. Qa4+ b5 16. Qb4 Qb7 17. f3 Rc8 18. Rfc1 Kd7 19. Qd6+ Ke8 20. Rc5 Rc6 21. Rxc6 Bxc6 22. Rc1 1-0

[Event "ONJK-B 2019"]
[Site "Borne"]
[Date "2019.08.10"]
[Round "9.11"]
[White "Lauwers, Timo"]
[Black "Schoonhoven, Mark"]
[Result "1-0"]
[ECO "A48"]
[WhiteElo "1364"]
[BlackElo "1275"]
[Annotator "NA"]
[PlyCount "73"]
[EventDate "2019.08.05"]
[EventType "swiss"]
[EventCountry "NED"]
[SourceTitle "playchess.com"]
[Source "ChessBase"]
[SourceQuality "1"]
[TimeControl "5400+30"]

1. d4 Nf6 2. Bf4 g6 3. Nf3 d6 4. e3 Bg7 5. Nbd2 O-O 6. Be2 c5 7. c3 Nc6 8. Nb3 b6 9. Nfd2 a5 10. a4 Ba6 11. Bxa6 Rxa6 12. Qe2 Ra7 13. g4 e5 14. dxe5 Nxe5 15. Bxe5 dxe5 16. Rd1 Qd7 17. g5 Nh5 18. Qc4 Kh8 19. Rg1 Rd8 20. Qg4 Qc6 21. Qe4 Qd6 22. Ke2 f5 23. gxf6 Nxf6 24. Qc4 Rad7 25. Ne4 Qc6 26. Nxf6 Bxf6 27. Rxd7 Qxd7 28. Qa6 e4 29. Qc4 Qd3+ 30. Qxd3 exd3+ 31. Kd2 h5 32. Rxg6 Bh4 33. Rxb6 Bxf2 34. Rh6+ Kg7 35. Rxh5 Re8 36. Rh3 Kg6 37. Nxc5 1-0

[Event "ONJK-B 2019"]
[Site "Borne"]
[Date "2019.08.10"]
[Round "9.12"]
[White "Visser, Barto"]
[Black "Klein, Lucas"]
[Result "0-1"]
[ECO "B23"]
[WhiteElo "1389"]
[BlackElo "1481"]
[Annotator "NA"]
[PlyCount "36"]
[EventDate "2019.08.05"]
[EventType "swiss"]
[EventCountry "NED"]
[SourceTitle "playchess.com"]
[Source "ChessBase"]
[SourceQuality "1"]
[TimeControl "5400+30"]

1. e4 c5 2. Nc3 Nc6 3. f4 e6 4. Bc4 a6 5. a4 Nge7 6. f5 d5 7. Ba2 d4 8. fxe6 Bxe6 9. Nce2 Bxa2 10. Rxa2 d3 11. Ng3 Nb4 12. b3 Nxa2 13. Bb2 dxc2 14. Qxc2 Nb4 15. Qc3 Nd3+ 16. Kd1 Nf2+ 17. Kc1 Qd3 18. Qxc5 Rc8 0-1

[Event "ONJK-B 2019"]
[Site "Borne"]
[Date "2019.08.10"]
[Round "9.13"]
[White "Mainka, Irmin"]
[Black "Van Borren, Matthijs"]
[Result "1-0"]
[ECO "B29"]
[WhiteElo "1611"]
[BlackElo "1339"]
[Annotator "NA"]
[PlyCount "47"]
[EventDate "2019.08.05"]
[EventType "swiss"]
[EventCountry "NED"]
[SourceTitle "playchess.com"]
[Source "ChessBase"]
[SourceQuality "1"]
[TimeControl "5400+30"]

1. e4 c5 2. Nf3 Nf6 3. e5 Ng8 4. d4 cxd4 5. Qxd4 Nc6 6. Qd1 g6 7. Bc4 Bg7 8. Qd5 e6 9. Qd6 Qe7 10. Qxe7+ Ngxe7 11. Bf4 a6 12. Nc3 b5 13. Bb3 Bb7 14. Ne4 O-O 15. O-O-O Rfd8 16. Nf6+ Bxf6 17. exf6 Nc8 18. Bc7 Re8 19. Rxd7 a5 20. a3 h6 21. h4 h5 22. Ng5 Rf8 23. Re1 Ra6 24. Nxf7 1-0

[Event "ONJK-B 2019"]
[Site "Borne"]
[Date "2019.08.10"]
[Round "9.14"]
[White "Winter, Ynse"]
[Black "Van Dam, Kars"]
[Result "1/2-1/2"]
[ECO "D11"]
[WhiteElo "1021"]
[BlackElo "1024"]
[Annotator "NA"]
[PlyCount "97"]
[EventDate "2019.08.05"]
[EventType "swiss"]
[EventCountry "NED"]
[SourceTitle "playchess.com"]
[Source "ChessBase"]
[SourceQuality "1"]
[TimeControl "5400+30"]

1. d4 d5 2. c4 c6 3. cxd5 cxd5 4. Nf3 Bf5 5. Qb3 Qc8 6. Nc3 e6 7. Bf4 Nf6 8. e3 a6 9. Qa4+ Nc6 10. Ne5 Be7 11. Be2 O-O 12. Nxc6 Qxc6 13. Qxc6 bxc6 14. a3 a5 15. Rc1 Rfc8 16. Na4 Nd7 17. O-O Ra7 18. Bb5 Nb8 19. Bxb8 Rxb8 20. Bxc6 Bd3 21. Rfd1 Bc4 22. e4 Ra6 23. exd5 exd5 24. Bd7 Rd6 25. Bf5 g6 26. Bd3 Bb3 27. Bc2 Bxa4 28. Bxa4 Rxb2 29. Rc2 Rdb6 30. Rxb2 Rxb2 31. Rd3 Rb1+ 32. Rd1 Rxd1+ 33. Bxd1 Bxa3 34. Bb3 Bb2 35. Bxd5 Bxd4 36. Kf1 Kf8 37. Ke2 Ke7 38. f3 Bg1 39. h3 h6 40. Kd3 f6 41. Ke4 Kd6 42. Bf7 f5+ 43. Kf4 Bh2+ 44. g3 a4 45. Bxg6 Ke7 46. Bf7 Kd6 47. Bg6 a3 48. Bf7 Ke7 49. Bg6 1/2-1/2

[Event "ONJK-B 2019"]
[Site "Borne"]
[Date "2019.08.10"]
[Round "9.16"]
[White "Wiggers, Yannick"]
[Black "Hooijmans, Max"]
[Result "1/2-1/2"]
[ECO "C45"]
[WhiteElo "1331"]
[BlackElo "1559"]
[Annotator "NA"]
[PlyCount "98"]
[EventDate "2019.08.05"]
[EventType "swiss"]
[EventCountry "NED"]
[SourceTitle "playchess.com"]
[Source "ChessBase"]
[SourceQuality "1"]
[TimeControl "5400+30"]

1. e4 e5 2. Nf3 Nc6 3. d4 exd4 4. Nxd4 Bc5 5. Be3 Bb6 6. Bc4 Nge7 7. Nc3 O-O 8. Qd2 d6 9. O-O-O Nxd4 10. Bxd4 Be6 11. Bb3 Nc6 12. Bxb6 axb6 13. f4 Nb4 14. Kb1 Bxb3 15. cxb3 Nc6 16. h4 Ra5 17. g4 Qe7 18. h5 Qd7 19. Rdg1 b5 20. Nd5 b4 21. Nxb4 Nxb4 22. Qxb4 Rb5 23. Qd4 c5 24. Qc3 Qe6 25. Qd3 Ra5 26. Rg3 Rfa8 27. a3 b5 28. Rd1 b4 29. a4 c4 30. Qxc4 Rxa4 31. Qxe6 Ra1+ 32. Kc2 fxe6 33. Rxa1 Rxa1 34. Rd3 Ra6 35. Rd4 Rb6 36. Kd3 Kf7 37. Rc4 Rb7 38. Kd4 Ke7 39. g5 Kd7 40. Rc1 Ra7 41. Rc4 Rb7 42. Rc2 Rb5 43. Rf2 g6 44. hxg6 hxg6 45. Rh2 e5+ 46. Ke3 exf4+ 47. Kxf4 Re5 48. Rh7+ Kc6 49. Rf7 Re6 1/2-1/2